 Dungeon Crawl Stone Soup version 0.21.1-1-g345015f (webtiles) character file.

95 raistware the Vexing (level 4, -2/31 HPs)
             Began as a Vampire Enchanter on Mar 29, 2018.
             Slain by Sigmund
             ... wielding a +0 scythe of freezing
              (3 damage)
             ... on level 2 of the Dungeon.
             The game lasted 00:11:07 (2053 turns).

raistware the Vexing (Vampire Enchanter)            Turns: 2053, Time: 00:11:07

Health: -2/31      AC:  0    Str:  7    XL:     4   Next: 39%
Magic:  6/8        EV: 20    Int: 18    God:
Gold:   32         SH:  0    Dex: 19    Spells: 6/9 levels left

rFire    . . .     SeeInvis +   (weapon currently unavailable)
rCold    . . .     Gourm    .   (shield currently unavailable)
rNeg     + . .     Faith    .   (armour currently unavailable)
rPois    .         Spirit   .   (helmet currently unavailable)
rElec    .         Reflect  .   (cloak currently unavailable)
rCorr    .         Harm     .   (gloves currently unavailable)
MR       .....                  (boots currently unavailable)
Stlth    +++++.....             (no amulet)
HPRegen  0.10/turn              (ring currently unavailable)
MPRegen  0.11/turn              (ring currently unavailable)

@: bat-form, flying, very quick
A: tiny, fangs 3, see invisible
a: End Transformation


You were on level 2 of the Dungeon.
You were not thirsty.
You were in vampire-bat-form.
You visited 1 branch of the dungeon, and saw 2 of its levels.

You collected 32 gold pieces.

Inventory:

Hand Weapons
 a - a +1 dagger (melded)
 h - a +0 short sword of draining
Armour
 b - a +0 robe (melded)
Scrolls
 e - 2 scrolls of identify {unknown}
 i - a scroll of blinking {unknown}
 j - a scroll of teleportation {unknown}
 l - a scroll of noise {unknown}
 m - 2 scrolls of remove curse {unknown}
Potions
 d - a potion of blood
 f - a potion of might {unknown}
 g - 2 potions of curing {unknown}
 k - a potion of lignification {unknown}
Books
 c - a book of Maledictions

   Spells                             Type                      Level
   a - Corona                         Hexes                        1
   b - Ensorcelled Hibernation        Hexes/Ice                    2
   c - Confuse                        Hexes                        3
   d - Tukima's Dance                 Hexes                        3
   e - Dazzling Spray                 Conjuration/Hexes            3


   Skills:
 + Level 0.5 Fighting
 - Level 1.1 Short Blades
 - Level 2.1 Dodging
 - Level 4.4 Stealth
 * Level 3.0 Spellcasting
 * Level 6.4 Hexes


You had 6 spell levels left.
You knew the following spells:

 Your Spells              Type           Power        Failure   Level  Hunger
a - Corona                Hex            ####...      1%          1    None
b - Ensorcelled Hibernat  Hex/Ice        ##....       6%          2    ##.....


Dungeon Overview and Level Annotations

Branches:
Dungeon (2/15)

Altars:
Okawaru
Xom

Annotations:
D:2 Robin, Sigmund


Innate Abilities, Weirdness & Mutations

You have razor-sharp teeth.
You have supernaturally acute eyesight. (SInv)
((You can survive without breathing.))


Message History

A goblin comes into view.
Robin says, "Kneel, worm!"
The goblin unwields an uncursed short sword.
The goblin wields a hunting sling.
The goblin shoots a stone.
The stone barely misses you.
The goblin shoots a stone.
The stone hits you.
* * * LOW HITPOINT WARNING * * *
Things that are here:
a stone; a leopard gecko corpse The bat misses you.
The goblin shoots a stone.
The stone hits you but does no damage. Sigmund says, "I'm your fate."
You see here a stone.
You turn into a vampire bat.
Your +1 dagger melds into your body.
Your +0 robe melds into your body.
The bat barely misses you.
The goblin shoots a stone.
The stone misses you. The goblin barely misses you. The bat closely misses you.
The bat misses you.
Sigmund hits you from afar with a scythe of freezing.
You die...

#.#####.#..... ###.@.####
#.............######...### ####
##.####.#............### ....
##.###........#...(...#######....
.........................g.......
........#.....#......g#######(...
........#.####....@....### ....
........#.........g(....g## .....
............<...bb(.......#......
..........^.#........g.......#..#
#####...._^.#...................
#.#...^.#..........######
#.#.....#..........# #
#.#..>###..........# .. ..#...#
#....÷..÷..# ..
.##.#.###.##.##....# ..
#..#....###..##...#


You could see Sigmund, Robin, 2 goblins and a bat.

Vanquished Creatures
  3 adders (D:2)
  A worm (D:2)
  3 dart slugs
  4 leopard geckos
  9 goblins
  10 hobgoblins
  A quokka (D:2)
  2 ball pythons (D:2)
  7 bats
  5 frilled lizards
  3 kobolds (D:1)
  6 rats
54 creatures vanquished.

Notes
Turn   | Place    | Note
-------+----------+-------------------------------------------
     0 | D:1      | raistware the Vampire Enchanter began the quest for the Orb.
     0 | D:1      | Reached XP level 1. HP: 13/13 MP: 3/3
   233 | D:1      | Reached XP level 2. HP: 17/19 MP: 5/5
   239 | D:1      | Learned a level 2 spell: Ensorcelled Hibernation
   333 | D:1      | Reached skill level 5 in Hexes
   829 | D:1      | Reached XP level 3. HP: 19/24 MP: 6/6
  1371 | D:2      | Noticed Robin
  1527 | D:2      | Reached skill level 6 in Hexes
  1766 | D:2      | Found a shimmering altar of Xom.
  1808 | D:2      | Found an iron altar of Okawaru.
  1809 | D:2      | Reached XP level 4. HP: 24/31 MP: 8/8
  1962 | D:2      | Noticed Sigmund
  2049 | D:2      | HP: 1/31 [goblin/stone[Robin] (4)]
  2053 | D:2      | Slain by Sigmund

Skill      XL: |  1  2  3  4 |
---------------+-------------+-----
Hexes          | 5 6 |  6.4
Spellcasting   | 3 |  3.0
Fighting       | |  0.5
Short Blades   | |  1.1
Dodging        | |  2.1
Stealth        | |  4.4

Action                   |  1- 3 |  4- 6 || total
-------------------------+-------+-------++-------
Melee: Dagger            |    27 |     7 ||    34
       Bite              |     5 |       ||     5
       Short sword       |    99 |     9 ||   108
 Cast: Corona            |     2 |       ||     2
       Ensorcelled Hiber |    13 |     4 ||    17
 Abil: Bat Form          |       |     1 ||     1
 Stab: Sleeping          |    18 |     3 ||    21
       Distracted        |     1 |     1 ||     2
  Eat: Corpse            |     8 |     2 ||    10
Armor: Robe              |    28 |     2 ||    30
Dodge: Dodged            |    66 |    13 ||    79
